 Dungeon Sprint DCSS version 0.16-a0-4088-g7c8221e (console) character file.

900000 Monkaria the Slayer (level 14, -12/152 HPs)
             Began as a Ghoul Fighter on Feb 22, 2015.
             Mangled by a meat berserker
             ... wielding a +9 battleaxe
              (64 damage)
             ... in the Dungeon (Sprint VIII: "Arena of Blood").
             The game lasted 00:00:26 (9 turns).

Monkaria the Slayer (Ghoul Fighter)                    Turns: 9, Time: 00:00:26

Health: -12/152    AC: 11    Str: 21    XL:     14   Next: 17%
Magic:  10/10      EV: 10    Int:  7    God:
Gold:   0          SH:  0    Dex:  8    Spells: 0 memorised, 13 levels left

rFire  . . .     SeeInvis .     i - +∞ Axe of Woe
rCold  + . .     Clarity  .     b - +0 scale mail
rNeg   + + +     SustAb   .     (no shield)
rPois  ∞         Gourm    .     (no helmet)
rElec  .         Spirit   .     (no cloak)
rCorr  .         Warding  .     (no gloves)
rMut   .         NoTele   +     (no boots)
MR     +....                    (no amulet)
Stlth  ..........               (no ring)
                                (no ring)

@: rotting, somewhat resistant to hostile enchantments, extremely unstealthy
A: rotting body, claws 1, carnivore 3, cold resistance 1, negative energy
resistance 3, poison resistance, slow healing 1, torment resistance, unbreathing
a: no special abilities


You were in the Dungeon.
You were not hungry.

You visited 1 branch

Inventory:

Hand weapons
 a - a +0 war axe
 i - the +∞ Axe of Woe (weapon)
   (You found it in the Dungeon)
Armour
 b - a +0 scale mail (worn)
 c - a +0 shield
Scrolls
 j - a scroll of blinking
Potions
 d - a potion of curing
 e - a potion of might
 f - a potion of heal wounds
 g - a potion of haste
 h - 2 potions of magic


   Skills:
 + Level 21.9 Fighting
 + Level 11.0 Axes
 + Level 18.5 Armour
 + Level 18.4 Shields


You had 13 spell levels left.
You didn't know any spells.

Dungeon Overview and Level Annotations

Branches:
Dungeon (1/1)

Altars:
Makhleb


Innate Abilities, Weirdness & Mutations

Your body is rotting away.
You thrive on raw meat.
You have sharp fingernails.
You are carnivorous and can eat meat at any time.
Your flesh is cold resistant.
You are immune to negative energy.
Your system is resistant to poisons.
You heal slowly when monsters are visible.
You are immune to unholy pain and torment.
You can survive without breathing.


Message History

Your experience leads to an increase in your attributes!
Increase (S)trength, (I)ntelligence, or (D)exterity?
You feel clever.
You slash the bag of meat! You chop the bag of meat into pieces.
You kill the bag of meat!
Your Fighting skill increases to level 20!
Your Axes skill increases to level 10!
Your Armour skill increases to level 17!
Your Shields skill increases to level 17!
You have reached level 13!
You slash the bag of meat!
You hew the bag of meat savagely.
You kill the bag of meat!
Your Fighting skill increases to level 21!
Your Axes skill increases to level 11!
Your Armour skill increases to level 18!
Your Shields skill increases to level 18!
You have reached level 14!
You hear a shout! x15
The meat berserker hits you with a +9 battleaxe!!!
You die...

. .. ... #. ..#
#.. ..# .###..
..###..
......###......
......_.....
#..O).# #_o<@_#
#..)).#
......_o....
.....o###......
.###.. o.###..
#.. ..# #. ..#
.. o.. .


You could see a meat berserker (berserk) and 5 bags of meat.

Vanquished Creatures
  An ogre (D)
  3 orcs (D)
4 creatures vanquished.

Notes
Turn   | Place    | Note
--------------------------------------------------------------
     0 | D        | Monkaria, the Ghoul Fighter, began the quest for the Orb.
     0 | D        | Reached XP level 1. HP: 19/19 MP: 1/1
     2 | D        | Noticed a bag of meat
     2 | D        | Noticed a bag of meat
     3 | D        | Noticed a bag of meat
     3 | D        | Noticed a meat berserker
     4 | D        | Noticed a bag of meat
     4 | D        | Noticed a bag of meat
     5 | D        | Noticed a bag of meat
     5 | D        | Noticed a bag of meat
     7 | D        | Noticed a bag of meat
     7 | D        | Killed a meat berserker
     7 | D        | Reached skill level 16 in Fighting
     7 | D        | Reached XP level 2. HP: 22/50 MP: 2/2
     7 | D        | Reached XP level 3. HP: 25/57 MP: 3/3
     7 | D        | Reached XP level 4. HP: 28/64 MP: 3/3
     7 | D        | Reached XP level 5. HP: 31/72 MP: 4/4
     7 | D        | Reached XP level 6. HP: 34/80 MP: 5/5
     7 | D        | Reached XP level 7. HP: 36/86 MP: 5/5
     7 | D        | Reached XP level 8. HP: 39/94 MP: 6/6
     7 | D        | Reached XP level 9. HP: 41/101 MP: 7/7
     7 | D        | Reached XP level 10. HP: 44/110 MP: 7/7
     7 | D        | Reached XP level 11. HP: 46/116 MP: 8/8
     8 | D        | Noticed a meat berserker
     8 | D        | Noticed a meat berserker
     9 | D        | Killed a bag of meat
     9 | D        | Reached skill level 19 in Fighting
     9 | D        | Reached XP level 12. HP: 48/130 MP: 9/9
     9 | D        | Killed a bag of meat
     9 | D        | Reached skill level 20 in Fighting
     9 | D        | Reached skill level 10 in Axes
     9 | D        | Reached XP level 13. HP: 50/141 MP: 9/9
     9 | D        | Killed a bag of meat
     9 | D        | Reached skill level 21 in Fighting
     9 | D        | Reached XP level 14. HP: 52/152 MP: 10/10
     9 | D        | Mangled by a meat berserker

Action                   |  1- 3 |  4- 6 |  7- 9 | 10-12 | 13-15 || total
-------------------------+-------+-------+-------+-------+-------++-------
Melee: Executioner's axe |     1 |       |       |     1 |       ||     2
